 Dungeon Crawl Stone Soup version 0.21-a0-358-g8928369 (webtiles) character file.

774 Dfrag the Firebug (level 7, 0/46 HPs)
             Began as a Demonspawn Fire Elementalist on Oct 12, 2017.
             Was an Initiate of Vehumet.
             Slain by a gnoll (3 damage)
             ... on level 5 of the Dungeon.
             The game lasted 00:06:41 (3507 turns).

Dfrag the Firebug (Demonspawn Fire Elementalist)    Turns: 3507, Time: 00:06:43

Health: 0/46       AC:  2    Str:  8    XL:     7   Next: 53%
Magic:  0/14       EV: 12    Int: 19    God:    Vehumet [......]
Gold:   104        SH:  0    Dex: 13    Spells: 7/15 levels left

rFire    . . .     SeeInvis .   m - +0 spear
rCold    + . .     Gourm    .   (no shield)
rNeg     . . .     Faith    .   a - +0 robe
rPois    .         Spirit   +   (no helmet)
rElec    .         Reflect  .   (no cloak)
rCorr    .         Harm     .   (no gloves)
MR       .....                  (no boots)
Stlth    ++........             (no amulet)
HPRegen  0.15/turn              n - ring of protection from cold
MPRegen  0.14/turn              r - +4 ring of slaying

@: no status effects
A: spiny 1, magic shield
a: Renounce Religion


You were on level 5 of the Dungeon.
You worshipped Vehumet.
Vehumet was noncommittal.
You were hungry.

You visited 2 branches of the dungeon, and saw 6 of its levels.

You collected 227 gold pieces.
You spent 123 gold pieces at shops.

Inventory:

Hand Weapons
 m - a +0 spear (weapon)
Armour
 a - a +0 robe (worn)
Jewellery
 n - a ring of protection from cold (left hand)
 r - a +4 ring of slaying (right hand)
 v - an uncursed ring of protection from cold
Wands
 y - a wand of disintegration (18/24)
Scrolls
 d - 5 scrolls of enchant weapon
 j - a scroll of amnesia
 k - a scroll of identify
 l - 2 scrolls of teleportation
 o - 2 scrolls of recharging
 q - a scroll of immolation {unknown}
 s - a scroll of enchant armour
 u - a scroll of blinking
 w - a scroll of fear {unknown}
Potions
 e - 3 potions of curing
 f - a potion of haste {unknown}
 g - a potion of flight
 i - a potion of magic {unknown}
 p - a potion of invisibility
 t - a potion of brilliance {unknown}
 z - a potion of berserk rage
 B - a potion of lignification {unknown}
Books
 b - a book of Flames

   Spells                             Type                      Level
   a - Flame Tongue                   Conjuration/Fire             1
   b - Throw Flame                    Conjuration/Fire             2
   c - Conjure Flame                  Conjuration/Fire             3
   d - Inner Flame                    Hexes/Fire                   3
   e - Sticky Flame                   Conjuration/Fire             4
   f - Fireball                       Conjuration/Fire             5
Comestibles
 c - 3 bread rations
 h - a meat ration
 x - a royal jelly
 A - 2 chunks of flesh


   Skills:
 - Level 1.7 Dodging
 - Level 1.7 Stealth
 + Level 4.8 Spellcasting
 + Level 4.9 Conjurations
 + Level 5.1 Fire Magic


You had 7 spell levels left.
You knew the following spells:

 Your Spells              Type           Power        Failure   Level  Hunger
a - Flame Tongue          Conj/Fire      ###..        1%          1    None
b - Conjure Flame         Conj/Fire      ###.....     4%          3    ##.....
c - Sticky Flame          Conj/Fire      ###.....     16%         4    ####...


Dungeon Overview and Level Annotations

Branches:
Dungeon (5/15)             Temple (1/1) D:5

Altars:
Ashenzari
Dithmenos
Elyvilon
Fedhas
Gozag
Hepliaklqana
Kikubaaqudgha
Makhleb
Nemelex Xobeh
Qazlal
Ru
Sif Muna
Vehumet
Xom
Yredelemnul
Zin
The Shining One

Shops:
D:4 ?

Annotations:
D:3 qqqbard's ghost, amateur GrMo


Innate Abilities, Weirdness & Mutations

You are partially covered in sharp spines.
When hurt, damage is shared between your health and your magic reserves.


Message History

You feel sick.
You feel sick.
You feel sick.
You feel sick.
Found a scroll labeled SOEFEU LEOSTAY.
You feel sick.
You feel sick.
Casting: Sticky Flame
Confirm with . or Enter, or press ? or * to list all spells.
Aiming: Sticky Flame
Press: ? - help, Shift-Dir - straight line, f - gnoll
Aim: a gnoll The sticky flame hits the gnoll.
The gnoll is moderately wounded.
The gnoll is covered in liquid flames!
You are feeling hungry.
You feel sick.
You are no longer poisoned.
The gnoll burns!
The gnoll hits you.
You die...

#........#)#.#.##.#.#
#........#.#.#.#..#.#
#.####.###.#.#+#.##.#######
#.#........# ...##...?..##
#.......#..# ...#.......#8
#.#.....#..#.....#.......##
. #.....#..#.# #.#.......##
#.#...#).#.# #.##......#
#.#####.)#.# #@##......##
#. #..#.# #g##.......#
#.#####..#.# #..........#
#........#.# #####......#
.#######)##.# #######
............#
########.####.#
.g.gg.........#
########.######


You could see a gnoll (burning).

Vanquished Creatures
  The ghost of Dfrag the Firebug, an amateur DsFE (D:4)
  An ogre (D:4)
  A gnoll sergeant (D:5)
  A crimson imp (D:5)
  A centaur skeleton (D:4)
  2 hounds (D:4)
  An orc priest (D:4)
  An iguana (D:5)
  Terence (D:3)
  3 orc wizards (D:4)
  A worker ant (D:5)
  11 gnolls
  An adder (D:4)
  An ooze (D:4)
  A worm (D:3)
  2 dart slugs
  2 leopard geckos
  9 orcs
  3 giant cockroaches
  6 goblins
  6 hobgoblins
  10 kobolds
  2 quokkas
  3 bats
  6 frilled lizards
  7 rats
84 creatures vanquished.

Notes
Turn   | Place    | Note
-------+----------+-------------------------------------------
     0 | D:1      | Dfrag the Demonspawn Fire Elementalist began the quest for the Orb.
     0 | D:1      | Reached XP level 1. HP: 13/13 MP: 3/3
   114 | D:1      | Gained mutation: When hurt, damage is shared between your health and your magic reserves. [demonic ancestry]
   114 | D:1      | Reached XP level 2. HP: 15/19 MP: 0/5
   295 | D:1      | Reached skill level 3 in Fire Magic
   826 | D:2      | Reached XP level 3. HP: 24/24 MP: 2/6
  1042 | D:2      | Found a shadowy altar of Dithmenos.
  1094 | D:2      | Gained mutation: You are partially covered in sharp spines. [demonic ancestry]
  1094 | D:2      | Reached XP level 4. HP: 26/30 MP: 1/8
  1811 | D:3      | Noticed Terence
  1820 | D:3      | Learned a level 3 spell: Conjure Flame
  1825 | D:3      | Learned a level 4 spell: Sticky Flame
  1842 | D:3      | Noticed qqqbard's ghost (amateur GrMo)
  1872 | D:3      | Killed Terence
  1872 | D:3      | Reached XP level 5. HP: 26/35 MP: 0/9
  1958 | D:3      | Found a glowing golden altar of the Shining One.
  1987 | D:3      | Found a basalt altar of Yredelemnul.
  1989 | D:3      | Noticed a profane servitor
  2120 | D:4      | Noticed an ogre
  2128 | D:4      | Killed an ogre
  2128 | D:4      | Reached skill level 4 in Fire Magic
  2203 | D:4      | Reached XP level 6. HP: 36/41 MP: 5/11
  2357 | D:4      | Found Nimomotifri's Magic Scroll Shop.
  2365 | D:4      | Bought a scroll of identify for 26 gold pieces
  2365 | D:4      | Bought a scroll of blinking for 97 gold pieces
  2478 | D:4      | Noticed Dfrag's ghost (amateur DsFE)
  2533 | D:4      | Killed Dfrag's ghost
  3026 | D:4      | Reached XP level 7. HP: 46/46 MP: 9/13
  3210 | D:5      | Entered Level 5 of the Dungeon
  3308 | D:5      | Found a staircase to the Ecumenical Temple.
  3322 | Temple   | Entered the Ecumenical Temple
  3371 | Temple   | Became a worshipper of Vehumet
  3417 | D:5      | Reached skill level 5 in Fire Magic
  3507 | D:5      | Slain by a gnoll

Vault maps used:
D:1:      eino_arrival_water_cross, corexii_item_surrounded_by_moat
D:2:      old_standard_altar
D:3:      grunt_temple_overflow_holy_war, first_bread, uniq_terence
D:4:      serial_shops, shop, hangedman_decor_opposing
D:5:      trog_eyes_of_draining, nicolae_overflow_hidden_temple,
          minmay_temple_entry_hall
Temple:   nicolae_temple_great_sept

Skill      XL: |  1  2  3  4  5  6  7 |
---------------+----------------------+-----
Fire Magic     | 3 4 5 |  5.1
Conjurations   | 2 3 4 |  4.9
Spellcasting   | 3 4 |  4.8
Dodging        | |  1.7
Stealth        | |  1.7

Action                   |  1- 3 |  4- 6 |  7- 9 || total
-------------------------+-------+-------+-------++-------
Melee: Unarmed           |    32 |       |       ||    32
       Spear             |     5 |    30 |    14 ||    49
 Cast: Flame Tongue      |    62 |    52 |    18 ||   132
       Sticky Flame      |       |     4 |     5 ||     9
  Use: Scroll            |       |     9 |       ||     9
       Potion            |       |     1 |       ||     1
 Stab: Sleeping          |       |     2 |       ||     2
  Eat: Chunk             |     1 |     7 |     2 ||    10
Armor: Robe              |     8 |     8 |     3 ||    19
Dodge: Dodged            |    44 |    26 |    10 ||    80

Table legend:
 A = Spawn XP
 B = Non-spawn XP
 C = Spawn XP percentage of total XP
 D = Spawn monster count
 E = Non-spawn monster count
 F = Spawn count percentage of total count
 G = Total turns spent on level
                    A         B        C        D         E        F      G
               +---------+---------+-------+---------+---------+-------+---------
         Total |       0 |    1106 |   0.0 |       0 |      84 |   0.0 |  3507
               +---------+---------+-------+---------+---------+-------+---------
           D:1 |       0 |      35 |   0.0 |       0 |      21 |   0.0 |   725
           D:2 |       0 |     127 |   0.0 |       0 |      24 |   0.0 |  1016
           D:3 |       0 |      62 |   0.0 |       0 |      12 |   0.0 |   390
           D:4 |       0 |     616 |   0.0 |       0 |      19 |   0.0 |  1079
           D:5 |       0 |     266 |   0.0 |       0 |       8 |   0.0 |   237
               +---------+---------+-------+---------+---------+-------+---------
